june, lawful male human Archeologist -------- ------ ...[....#################|*[(\| ------------- # |......| #-).[.| |...........| #### ........ ##------ |............# # -------- +...........|# ### ---.---------# # # ### ### ### # # # ###### --|-- --------# |....## |.@Y...|# +...| # # |iii...|# |....########..+..i.|) |...| |....hii## |...| |.....{| ----- -------- june the Field Worker Experience level: 4 Strength: 11 Dexterity: 9 Constitution: 14 Intelligence: 17 Wisdom: 13 Charisma: 11 Health: 0(38) Energy: 20(20) Def: 1 Gold: 728 Moves: 2477 Dungeon seed: v8ZWTq6CWVxD110B Game ID: june_1526400151 Your Inventory: Coins $ - 728 gold pieces Weapons a - a +2 bullwhip Armor e - an uncursed +0 leather jacket (being worn) Comestibles b - 5 uncursed food rations m - an uncursed tin of lichen x - an uncursed tin of coyote meat Tools c - a -1 pick-axe (weapon in hand) d - a tinning kit (0:54) g - an uncursed blindfold Gems q - an uncursed touchstone w - an uncursed worthless piece of yellowish brown glass Spells and supernatural/magical abilities: Name Level Category Fail Memory h - healing 1 healing 0% 99% E - detect food 2 divination 73% 92% W - pray for help -- divine ? -- Your skills at the end: Fighting Skills Weapon Skills pick-axe [Basic] whip [Basic] Spellcasting Skills Final Attributes: You were piously aligned. You could recognize detrimental food. You were confused. You were stealthy. You were fast. You are dead. Vanquished creatures: a gnomish wizard a kitten an acid blob 2 coyotes 2 manes 3 hobgoblins 3 giant rats a brown mold a yellow mold a green mold 4 geckos 4 jackals a fox 6 goblins a sewer rat 3 grid bugs 2 lichens 3 kobold zombies 8 newts 48 creatures vanquished. Voluntary challenges: You were an atheist. You used a wielded weapon 62 times, starting on turn 1. You read items or engraved 121 times, starting on turn 821. You never genocided any monsters. You never polymorphed an object. You never changed form. You used no wishes. You never split a pudding. You wrote Elbereth's name 95 times, starting on turn 2365. You never violated your personal moral code. Dungeon overview: The Dungeons of Doom: levels 1 to 5 Level 1 a long staircase Level 2 a fountain Level 3 a long staircase Level 4 a fountain Level 5 <- You were here a fountain, a throne History has recorded: On T:1 you entered the Dungeons of Doom to retrieve the Amulet of Yendor! On T:632 you reached level 2 of The Dungeons of Doom. On T:726 you advanced to experience level 2. On T:1142 you advanced to experience level 3. On T:1353 you reached level 3 of The Dungeons of Doom. On T:1897 you reached level 4 of The Dungeons of Doom. On T:2190 you reached level 5 of The Dungeons of Doom. On T:2252 you advanced to experience level 4. Score breakdown: Gold: 728 ( 9738 points) Experience: 4 levels ( 9649 points) Exploration: 5 levels ( 9.80%) ( 8485 points) Discoveries: 8 items ( 2.68%) ( 4915 points) Valuables value: (no points given unless you survive) Artifact value: 0 ( 0 points) Variety of kills: 19 monsters ( 4.99%) ( 6699 points) Turncount: 2477 turns ( -316 points) Survival: died (score multiplied by 80%) Total score: 31336 Latest messages: The monkey tries to run away with your fedora. You suddenly vomit! You're done throwing up. You bump into the monkey. The monkey hits! The monkey stole a worthless piece of orange glass. The monkey tries to run away with your worthless piece of orange glass. You attack thin air. You write in the dust with your fingers. You are beginning to feel hungry. You add to the writing in the dust with your fingers. (4x) The manes hits! (2x) The manes bites! You add to the writing in the dust with your fingers. (4x) You feel a bit steadier now. You add to the writing in the dust with your fingers. (2x) The manes hits! (2x) The manes bites! You miss the manes. (5x) The manes hits! (2x) The manes bites! You write in the dust with your fingers. The monkey hits! The monkey tries to snatch your armor but gives up. The monkey bites! You die... Final status: Goodbye june the Archeologist, killed by a monkey... You died in The Dungeons of Doom on dungeon level 5 with 31336 points, and 728 pieces of gold, after 2477 moves. You were level 4 with a maximum of 38 hit points when you died.